Map: New Repugnancy LE

Players

GOStephano (Stephano)

  • Race: Zerg Zerg
  • League: Master
  • Spawn Location: 7:00

Lambo - Winner!

  • Race: Zerg Zerg
  • League: Grandmaster
  • Spawn Location: 1:00

VOD

Have the link to the VOD?

Description

Time

  • Played on: Feb. 11, 2019, 6:37 a.m.
  • Length: 4:16
Show
View Real Time Build Order
Export as new Build Order

GOStephano Zerg 

Build Orders: Hatch First, Roach Nydus 

Get SALT Encoding   

  12  0:00  Drone  
  13  0:12  Overlord  
  13  0:17  Drone  
  14  0:30  Drone x2  
  16  0:47  Hatchery  
  15  0:51  Drone  
  15  0:54  Drone  
  17  0:57  Drone  
  17  1:02  Extractor  
  17  1:13  Spawning Pool  
  17  1:16  Drone  
  17  1:20  Drone  
  18  1:28  Drone  
  19  1:40  Drone  
  20  1:50  Drone  
  21  1:59  Queen  
  21  2:00  Drone  
  24  2:02  Lair  
  24  2:03  Overlord  
  24  2:10  Extractor  
  24  2:11  Drone x2  
  25  2:23  Drone x2  
  27  2:33  Drone x2, Roach Warren  
  27  2:36  Queen  
  30  2:44  Drone  
  31  2:53  Overlord  
  31  2:59  Nydus Network  
  31  3:02  Overlord  
  32  3:13  Roach x3  
  32  3:16  Roach  
  38  3:20  Overlord  
  38  3:24  Roach  
  40  3:29  Roach  
  40  3:31  Roach  
  44  3:36  Nydus Canal  
  44  3:39  Roach  
  46  3:42  Roach  
  46  3:46  Roach  
  50  3:52  Roach  
Show
View Real Time Build Order
Export as new Build Order

Lambo Zerg - Winner!

Build Orders: Hatch First 

Get SALT Encoding   

  12  0:01  Drone  
  13  0:13  Overlord  
  13  0:19  Drone  
  14  0:33  Drone x2  
  16  0:49  Hatchery  
  15  0:52  Drone  
  15  0:56  Drone  
  17  0:59  Drone  
  18  1:10  Extractor  
  17  1:14  Spawning Pool  
  17  1:18  Drone  
  17  1:20  Drone  
  18  1:28  Drone  
  19  1:39  Drone  
  20  1:52  Drone  
  21  2:01  Queen x2  
  21  2:02  Drone  
  21  2:03  Overlord  
  26  2:11  Metabolic Boost  
  26  2:12  Drone  
  26  2:13  Drone  
  28  2:24  Drone x2  
  30  2:35  Drone  
  30  2:36  Drone  
  32  2:38  Hatchery  
  31  2:45  Drone  
  31  2:46  Overlord  
  32  2:56  Zergling x4  
  34  3:06  Evolution Chamber, Drone x2  
  34  3:11  Zergling x12  
  41  3:18  Overlord  
  41  3:19  Drone  
  42  3:22  Queen  
  44  3:35  Overlord  
  44  3:38  Zergling x2  
  44  3:40  Zergling x4  
  47  3:42  Zergling x2  
  47  3:43  Zergling x2  
  47  3:44  Zergling x6  
  47  3:47  Overlord  
  52  3:52  Zergling x2  
  52  3:58  Zergling x4  
Tags
 
Add a new tag
Caveats
  • Supply blocks, unpowered buildings, or Contaminate may cause inaccurate times.
  • Supply counts are checked every 10 seconds.